 Dungeon Crawl Stone Soup version 0.29-a0-207-gf982a884d8 (webtiles) character file.

Game seed: 1697036682545265357

11 spaghetti the Sneak (level 2, -3/40 HPs)
             Began as a Deep Dwarf Delver on Feb 23, 2022.
             Slain by a gnoll shaman
             ... wielding a +0 club
              (7 damage)
             ... on level 4 of the Dungeon.
             The game lasted 00:03:25 (641 turns).

spaghetti the Sneak (Deep Dwarf Delver)              Turns: 641, Time: 00:03:26

Health: -3/40      AC: 21    Str: 15    XL:     2   Next: 17%
Magic:  2/2        EV:  2    Int: 10    God:
Gold:   22         SH:  0    Dex: 14    Spells: 0/1 levels left

rFire   . . .      SeeInvis .   a - +0 hand axe {axe}
rCold   . . .      Faith    .   (no shield)
rNeg    . . .      Spirit   .   (body armour currently unavailable)
rPois   +          Reflect  .   (helmet currently unavailable)
rElec   .          Harm     .   (cloak currently unavailable)
rCorr   .          Rampage  .   (gloves currently unavailable)
Will    .....      NoTele   +   (boots currently unavailable)
Stlth   ++........              (no amulet)
HPRegen 0.00/turn               (no ring)
MPRegen 0.08/turn               (no ring)

@: lit by a corona, tree-form, glowing
A: stationary, stasis, torment immunity, boosted hp, damage resistance, heal
wounds, sense surroundings 1, no regeneration
a: Heal Wounds


You were on level 4 of the Dungeon.
You were a tree.
You visited 1 branch of the dungeon, and saw 3 of its levels.

You collected 22 gold pieces.


Innate Abilities, Weirdness & Mutations

You are a tree.
Your roots penetrate the ground, keeping you stationary.
You cannot be teleported.
You are immune to unholy pain and torment.
Your maximum health is greatly increased.
Your equipment is partially melded.
You are resistant to damage.
You can heal yourself by infusing magical energy.
You passively map a small area around you.
You do not regenerate.


   Skills:
 - Level 2.6 Fighting
 + Level 3.2 Axes
 - Level 2.1 Dodging
 - Level 6.0 Stealth


You couldn't memorise any spells.
You knew the following spells:

 Your Spells              Type           Power      Damage    Failure   Level
a - Summon Small Mammal   Summ           0%         N/A       36%         1

Your spell library contained the following spells:

 Spells                   Type           Power      Damage    Failure   Level
 Animate Skeleton         Necr           0%         N/A       36%         1
 Apportation              Tloc           0%         N/A       36%         1
 Sandblast                Erth           0%         2d4       36%         1
 Passwall                 Tmut/Erth      0%         N/A       50%         2
 Stone Arrow              Conj/Erth      0%         3d7       75%         3

Inventory:

Hand Weapons
 a - a +0 hand axe (weapon) {axe}
Missiles
 j - 40 stones (quivered) {throwing}
Armour
 b - a +0 leather armour (melded)
 h - a +0 robe
   (You found it on level 4 of the Dungeon)
 l - a +0 ring mail
   (You found it on level 4 of the Dungeon)
Wands
 g - a wand of digging (3)
Scrolls
 c - a scroll of fog
 e - a scroll of fear
Potions
 f - a potion of haste {@q3}
 k - a potion of flight
 m - a potion of might {unknown}

Dungeon Overview and Level Annotations

Branches:
Dungeon (5/15)
 Temple: D:4-7

Altars:
Wu Jian

*,,,,,* ##.........# *,,,,,*
##..........# *,,,,,***
#...........#
#....,,.#**#.#.........#
#...,,*...##.#........?#
.).######......,*#..#***
##............####g##
...........*#.##g..#
.#........###..gā™£###
........#**#...###
##....#..###.#...#**
.............###...#****
#..######.....####...,,**
...#...#........#**..,,,**
...................,.,,,,******
....................,,,,>,,,,,*
..........####......,,,,,,,,,,*


You could see a gnoll shaman and 2 gnolls.


Message History

Your health is already full.
Casting: Summon Small Mammal (safe; 43% risk of failure)
Confirm with . or Enter, or press ? or * to list all spells.
Okay, then.
Char dumped successfully.
Unknown command.
Unknown command.
A gnoll shaman is nearby!
You barely miss the gnoll shaman.
The gnoll shouts!
You hit the gnoll but do no damage.
You hit the gnoll shaman but do no damage.
The gnoll shaman calls upon its god to speed up the gnoll.
The gnoll seems to speed up.
The gnoll hits you with a +0 club. šŸ˜• HP[-1]
You take 1 damage, and now have 26/27 hp.
Unknown command.
Unknown command.
Unknown command.
You hit the gnoll shaman. You barely miss the gnoll.
The gnoll hits you with a +0 club.
The gnoll shaman hits you with a +0 club.
The gnoll hits you but does no damage. šŸ˜® HP[-6]
You take 6 damage, and now have 20/27 hp.
MASSIVE DAMAGE!! (PAUSE)
You hit the gnoll shaman.
The gnoll hits you from afar with a +0 spear. šŸ˜® HP[-2]
You take 2 damage, and now have 18/27 hp.
You slash the gnoll shaman! You hit the gnoll. The gnoll barely misses you.
The gnoll shaman hits you with a +0 club.
The gnoll barely misses you. šŸ˜® HP[-1]
You take 1 damage, and now have 17/27 hp.
You hit the gnoll shaman. You hit the gnoll.
The gnoll shaman prays to its god.
The gnoll shaman is healed somewhat.
The gnoll barely misses you. The gnoll hits you but does no damage.
You completely miss the gnoll shaman. You barely miss the gnoll.
The gnoll barely misses you.
The gnoll shaman hits you but does no damage.
The gnoll closely misses you. The gnoll hits you with a +0 club.
* * * LOW HITPOINT WARNING * * *
šŸ˜Ø HP[-4]
You take 4 damage, and now have 13/27 hp.
Unknown command.
Really quaff
i - a potion of lignification {!q}?
Okay, then.
Okay, then.
Really quaff
i - a potion of lignification {!q}?
Really quaff the potion of lignification?
You turn into a tree.
Your +0 leather armour melds into your body.
Your roots penetrate the ground.
The gnoll shaman hits you but does no damage.
The gnoll hits you from afar with a +0 spear.
* * * LOW HITPOINT WARNING * * *
The gnoll hits you but does no damage. šŸ˜Ø HP[+4]
You now have 40 max hp (+13).
You regained 4 hp, and now have 17/40 hp.
Unknown command.
Unknown command.
You hit the gnoll shaman. You hit the gnoll.
The gnoll hits you but does no damage.
The gnoll shaman hits you but does no damage.
The gnoll hits you but does no damage. The gnoll hits you with a +0 club.
* * * LOW HITPOINT WARNING * * *
The gnoll shaman hits you with a +0 club. šŸ˜Ø HP[-2]
You take 2 damage, and now have 15/40 hp.
You hit the gnoll shaman. You hit the gnoll.
The gnoll hits you but does no damage. x2
The gnoll shaman calls upon its god to heal the gnoll.
The gnoll's wounds heal themselves!
The gnoll hits you but does no damage. x2
You hit the gnoll shaman but do no damage.
You hit the gnoll. The gnoll hits you with a +0 club.
The gnoll hits you but does no damage.
You barely miss the gnoll shaman. You hit the gnoll.
The gnoll hits you with a +0 club.
* * * LOW HITPOINT WARNING * * *
The gnoll shaman prays to its god.
The gnoll shaman is healed somewhat.
The gnoll hits you but does no damage. šŸ˜± HP[-5]
You take 5 damage, and now have 10/40 hp.
You hit the gnoll shaman but do no damage.
You hit the gnoll. The gnoll hits you with a +0 club.
* * * LOW HITPOINT WARNING * * *
The gnoll shaman hits you but does no damage.
The gnoll hits you but does no damage. The gnoll hits you with a +0 club.
* * * LOW HITPOINT WARNING * * *
šŸ˜± HP[-6]
You take 6 damage, and now have 4/40 hp.
Unknown command.
It was a potion of flight.
Your roots keep you in place.
The gnoll hits you but does no damage.
The gnoll shaman hits you with a +0 club!
You die...

Skill      XL: |  1 |
---------------+----+-----
Axes           | 3 |  3.2
Fighting       | |  2.6
Dodging        | |  2.1
Stealth        | |  6.0

Action                   || total
-------------------------++-------
Melee: Hand axe          ||    43
       Punch             ||     1
Throw: Stone             ||    12
 Abil: Heal Wounds       ||     1
  Use: Potion            ||     3
       Scroll            ||     2
 Stab: Sleeping          ||     2
Armor: Leather armour    ||     9
       Skin              ||    14
Dodge: Dodged            ||    23

Levels and vault maps discovered:
D:3:      layout_rooms, nicolae_overflow_quartered_altars, uniq_terence
D:4:      layout_rooms, nicolae_wu_jian_immortal_techniques
D:5:      layout_cave_pools, minmay_temple_entry_large_hall,
          wad_floor_pattern_untrapped, uniq_eustachio, uniq_duvessa

Notes
Turn   | Place    | Note
-------+----------+-------------------------------------------
     0 | D:5      | spaghetti the Deep Dwarf Delver began the quest for the
                  | Orb.
     0 | D:5      | Reached XP level 1. HP: 20/20 MP: 1/1
     0 | D:5      | magus.rc [v1.9.6]
    26 | D:5      | Noticed a howler monkey
    30 | D:5      | Noticed an orc priest
   362 | D:4      | Found an ornate altar of the Wu Jian Council.
   434 | D:4      | You pick up a book of Geomancy and begin reading...
   434 | D:4      | You add the spells Sandblast, Passwall and Stone Arrow to
                  | your library.
   487 | D:4      | Reached skill level 3 in Axes
   492 | D:4      | Reached XP level 2. HP: 21/27 MP: 2/2
   617 | D:4      | You pick up a book of Cantrips and begin reading...
   617 | D:4      | You add the spells Animate Skeleton, Summon Small Mammal
                  | and Apportation to your library.
   622 | D:4      | Learned a level 1 spell: Summon Small Mammal
   639 | D:4      | HP: 10/40 [gnoll/+0 club (5)]
   640 | D:4      | HP: 4/40 [gnoll/+0 club (2)]
   641 | D:4      | Slain by a gnoll shaman

Vanquished Creatures
  An orc (D:3)
  3 ball pythons (D:4)
  2 goblins (D:4)
  A hobgoblin (D:4)
  2 quokkas (D:4)
9 creatures vanquished.

Table legend:
 A = Non-vault XP
 B = Vault XP
 C = Vault XP percentage of total XP
 D = Non-vault monster count
 E = Vault monster count
 F = Vault count percentage of total count
                 A         B        C        D         E       F
            +---------+---------+-------+---------+---------+-------
      Total |      17 |       0 |   0.0 |       9 |       0 |   0.0
            +---------+---------+-------+---------+---------+-------
        D:3 |       3 |       0 |   0.0 |       1 |       0 |   0.0
        D:4 |      14 |       0 |   0.0 |       8 |       0 |   0.0
            +---------+---------+-------+---------+---------+-------

Illustrated notes

Table legend:
 A = Kills in this place as a percentage of kills in entire the game.
 B = Kills by you in this place as a percentage of kills by you in the entire game.
 C = Kills by friends in this place as a percentage of kills by friends in the entire game.
 D = Other kills in this place as a percentage of other kills in the entire game.
 E = Experience gained in this place as a percentage of experience gained in the entire game.
 F = Experience gained in this place divided by the number of levels of this place that you have seen.
                   A       B       C       D       E      F
               +-------+-------+-------+-------+-------+----------------------
         Total | 100.0 | 100.0 |   N/A |   N/A | 100.0 |   5.7
       Dungeon | 100.0 | 100.0 |   N/A |   N/A | 100.0 |   5.7
               +-------+-------+-------+-------+-------+----------------------

Table legend: (Time is in decaauts)
 A = Elapsed time spent in this place.
 B = Non-inter-level travel time spent in this place.
 C = Inter-level travel time spent in this place.
 D = Time resting spent in this place.
 E = Time spent auto-exploring this place.
 F = Levels seen in this place.
 G = Mean time per level.
                   A        B        C        D        E       F      G
               +--------+--------+--------+--------+--------+-----+--------+
         Total |    648 |    644 |      4 |    300 |    200 |   3 |  216.0 |
       Dungeon |    648 |    644 |      4 |    300 |    200 |   3 |  216.0 |
               +--------+--------+--------+--------+--------+-----+--------+

Top non-repeatable levels by time:
     D:4: 602 daAuts
     D:5: 33 daAuts
     D:3: 13 daAuts
